 Dungeon Crawl Stone Soup version 0.29.1-13-g9f3cf754e1 (webtiles) character file.

Game seed: 3397222793700860286

889 promet the Sneak (level 8, -5/54 HPs)
             Began as an Octopode Brigand on Feb 9, 2023.
             Was a Follower of Uskayaw.
             Slain by an ice beast (12 damage)
             ... on level 6 of the Dungeon.
             The game lasted 00:21:56 (5180 turns).

promet the Sneak (Octopode Brigand)                 Turns: 5180, Time: 00:21:56

Health: -5/54      AC:  1    Str: 16    XL:     8   Next: 6%
Magic:  8/8        EV: 13    Int: 15    God:    Uskayaw [*.....]
Gold:   307        SH:  0    Dex: 20    Spells: 7/7 levels left

rFire   + . .      SeeInvis +   a - +0 great sword
rCold   x . .      Faith    .   (shield currently unavailable)
rNeg    . . .      Spirit   .   (helmet restricted)
rPois   .          Reflect  .   (no amulet)
rElec   .          Harm     .   l - +6 ring of strength
rCorr   .          Rampage  .   h - ring of fire
Will    .....                   c - +6 ring of dexterity
Stlth   +++++.....              y - ring of see invisible
HPRegen 0.18/turn               (no ring)
MPRegen 0.11/turn               (no ring)
                                (no ring)
                                (no ring)

@: no status effects
A: almost no armour, amphibious, 8 rings, camouflage 1, gelatinous body 1,
(nimble swimmer 1), tentacles
a: Renounce Religion, Stomp


You were on level 6 of the Dungeon.
You worshipped Uskayaw.
Uskayaw was noncommittal.
You visited 2 branches of the dungeon, and saw 7 of its levels.

You collected 307 gold pieces.

Inventory:

Hand Weapons
 a - a +0 great sword (weapon)
 b - a +0 sling
 d - a +0 trident
 m - a +0 long sword of holy wrath
 n - a +0 broad axe
 t - a +0 rapier
 E - a +0 battleaxe
 F - a +4 mace
 I - a +2 dagger of venom
 L - a +0 flail
Missiles
 e - 41 stones
 f - 4 atropa-tipped darts
 j - 4 javelins
 o - 8 boomerangs (quivered)
 s - 2 curare-tipped darts
 w - 9 poisoned darts
 G - 2 throwing nets
Armour
 k - a +0 kite shield
Jewellery
 c - a +6 ring of dexterity (on tentacle)
 h - a ring of fire (right tentacle)
 l - a +6 ring of strength (left tentacle)
 y - a ring of see invisible (on tentacle)
Wands
 p - a wand of acid (8)
 z - a wand of digging (3)
Scrolls
 g - 2 scrolls of identify
 v - a scroll of fear {unknown}
 x - a scroll of enchant weapon {unknown}
 D - a scroll of poison {unknown}
 H - a scroll of teleportation {unknown}
 J - a scroll of noise {unknown}
 K - a scroll of amnesia
Potions
 i - 2 potions of might
 q - 2 potions of ambrosia
 r - a potion of resistance
 u - a potion of brilliance
 A - a potion of haste
 C - a potion of lignification


   Skills:
 * Level 4.4 Fighting
 + Level 2.2(3.3) Short Blades
 * Level 3.7(4.0) Long Blades
 + Level 0.1(2.2) Axes
 + Level 3.7 Maces & Flails
 + Level 1.9 Ranged Weapons
 + Level 2.9 Throwing
 + Level 1.8 Dodging
 + Level 7.7 Stealth
 + Level 0.2 Evocations


You had 7 spell levels left.
You didn't know any spells.
Your spell library contained the following spells:

 Spells                   Type           Power      Damage    Failure   Level
 Portal Projectile        Hex/Tloc       0%         N/A       63%         3
 Tukima's Dance           Hex            0%         N/A       63%         3
 Blade Hands              Tmut           0%         N/A       100%        5


Dungeon Overview and Level Annotations

Branches:
Dungeon (6/15)             Temple (1/1) D:4

Altars:
Ashenzari
Dithmenos
Elyvilon
Fedhas
Kikubaaqudgha
Makhleb
Nemelex Xobeh
Okawaru
Trog
Uskayaw
Wu Jian
Xom
Zin
The Shining One

Annotations:
D:6 2 transporters, jondo1214's ghost, novice HOFi


Innate Abilities, Weirdness & Mutations

You cannot wear most types of armour.
You are amphibious.
You can wear up to eight rings at the same time.
Your skin changes colour to match your surroundings (Stealth+).
Your rubbery body absorbs attacks. (AC +1, EV +1)
((You are camouflaged when in or above water. (Stealth+)))
You have tentacles for arms and can constrict up to eight enemies at once.


Message History

HP restored.
Found a stone staircase leading down.
Found 12 gold pieces.
You now have 292 gold pieces (gained 12).
You now have 307 gold pieces (gained 15).
An ice beast comes into view.
You see here 12 gold pieces.
The helpless ice beast fails to defend itself.
You slice the ice beast!!
The ice beast is severely wounded.
The ice beast barely misses you.
You hit the ice beast but do no damage. Your squeeze misses the ice beast.
The ice beast is severely wounded.
The ice beast barely misses you. The ice beast closely misses you.
You closely miss the ice beast.
You squeeze the ice beast, but do no damage.
The ice beast is severely wounded.
The ice beast hits you. The ice beast freezes you!!
You feel a terrible chill!
You completely miss the ice beast.
The ice beast is severely wounded.
The ice beast hits you. The ice beast freezes you!
You feel a terrible chill! The ice beast barely misses you.
You closely miss the ice beast.
The ice beast is severely wounded.
The ice beast misses you.
You feel better. The ice beast hits you. The ice beast freezes you!!
You feel a terrible chill!
* * * LOW HITPOINT WARNING * * *
You slash the ice beast!
The ice beast is almost dead.
The ice beast barely misses you. The ice beast misses you.
You closely miss the ice beast.
The ice beast is almost dead.
The ice beast barely misses you.
You closely miss the ice beast.
The ice beast is almost dead.
The ice beast closely misses you. The ice beast hits you.
* * * LOW HITPOINT WARNING * * *
The ice beast freezes you!
You feel a terrible chill!
You die...

.♣♣♣♣♣♣.... #........
........#.# ###.#......
..........####..........
............>...........
........#........#......
........#........#......
.........$.......#......
.................######.
.......@#........#####..
.......Y#######........#
######### #.......##
#.......## #.........
########## # # #


You could see an ice beast.

Vanquished Creatures
  2 black bears
  An ogre (D:3)
  A phantom (D:6)
  A bullfrog (D:6)
  A jelly (D:6)
  2 orc priests
  A gnoll bouda (D:5)
  An orc wizard (D:4)
  5 iguanas
  8 gnolls
  8 adders
  An ufetubus (D:2)
  A worm (D:3)
  A dart slug (D:4)
  2 orcs (D:3)
  3 endoplasms
  3 giant cockroaches
  9 goblins
  10 hobgoblins
  2 jackals (D:1)
  5 kobolds
  2 quokkas
  A ball python (D:1)
  4 bats
  2 frilled lizards
  3 rats
80 creatures vanquished.

Notes
Turn   | Place    | Note
-------+----------+-------------------------------------------
     0 | D:1      | promet the Octopode Brigand began the quest for the Orb.
     0 | D:1      | Reached XP level 1. HP: 14/14 MP: 1/1
   297 | D:1      | Reached XP level 2. HP: 9/19 MP: 2/2
   529 | D:1      | Reached skill level 6 in Stealth
   841 | D:2      | Reached XP level 3. HP: 24/24 MP: 3/3
  1720 | D:3      | Noticed an ogre
  1885 | D:3      | Found a faded altar of an unknown god.
  1906 | D:3      | Killed an ogre
  1907 | D:3      | Reached XP level 4. HP: 15/30 MP: 4/4
  1907 | D:3      | Reached XP level 5. HP: 18/36 MP: 5/5
  2181 | D:3      | Reached skill level 7 in Stealth
  2628 | D:4      | Noticed a black bear
  2645 | D:4      | Killed a black bear
  2646 | D:4      | Reached XP level 6. HP: 35/42 MP: 6/6
  2673 | D:4      | Found a staircase to the Ecumenical Temple.
  2688 | Temple   | Entered the Ecumenical Temple
  2821 | Temple   | Became a worshipper of Uskayaw the Reveller
  3037 | D:4      | Reached * piety under Uskayaw
  3090 | D:4      | Reached ** piety under Uskayaw
  3526 | D:5      | Entered Level 5 of the Dungeon
  3972 | D:5      | Reached *** piety under Uskayaw
  3999 | D:5      | Reached XP level 7. HP: 14/47 MP: 7/7
  4581 | D:5      | Reached skill level 1 in Ranged Weapons
  4652 | D:5      | Reached skill level 1 in Long Blades
  4880 | D:6      | Found a transporter.
  4948 | D:6      | Noticed a two-headed ogre
  4961 | D:6      | Noticed jondo1214's ghost (novice HOFi)
  4968 | D:6      | Found a transporter.
  5001 | D:6      | Reached XP level 8. HP: 29/54 MP: 8/8
  5180 | D:6      | Slain by an ice beast

Illustrated notes

Levels and vault maps discovered:
D:1:      minmay_arrival_cross, layout_basic
D:2:      layout_loops_ring
D:3:      layout_basic, chequers_ecumenical_altar_simple_redux,
          minmay_goblin_outpost
D:4:      minmay_diamond_boxcup, layout_cave_pods,
          minmay_temple_entry_large_hall, dk_vineyard_3
D:5:      layout_rooms, nicolae_overflow_hidden_temple, minmay_misc_feat_x
D:6:      layout_rooms, gammafunk_ghost_arena, nrook_campfire
Temple:   nicolae_temple_superstar

Skill      XL: |  1  2  3  4  5  6  7 |
---------------+----------------------+-----
Stealth        | 6 7 |  7.7
Maces & Flails | 2 3 |  3.7
Fighting       | 3 4 |  4.4
Ranged Weapons | 1 |  1.9
Long Blades    | 3 |  3.7
Short Blades   | |  2.2
Axes           | |  0.1
Throwing       | |  2.9
Dodging        | |  1.8
Evocations     | |  0.2

Action                   |  1- 3 |  4- 6 |  7- 9 || total
-------------------------+-------+-------+-------++-------
Melee: Dagger            |    22 |       |       ||    22
       Constrict         |     7 |    15 |     5 ||    27
       Mace              |    23 |    40 |       ||    63
       Tentacles         |     2 |     6 |     2 ||    10
       Punch             |     1 |     1 |       ||     2
       Great sword       |       |     7 |    28 ||    35
       Broad axe         |       |     4 |       ||     4
 Fire: Sling             |       |    19 |       ||    19
Throw: Dart              |     3 |    11 |       ||    14
       Boomerang         |       |     1 |    20 ||    21
Evoke: Wand              |       |     2 |       ||     2
  Use: Scroll            |     7 |     5 |       ||    12
       Potion            |     3 |       |     2 ||     5
 Stab: Sleeping          |    15 |     7 |     1 ||    23
Armor: Skin              |     4 |     2 |       ||     6
Dodge: Dodged            |    12 |    41 |    24 ||    77
